Map: Winter's Gate LE

Players

Nameless - Winner!

  • Race: Zerg Zerg
  • League: Diamond
  • Spawn Location: 5:00

pHARM

  • Race: Zerg Zerg
  • League: Platinum
  • Spawn Location: 11:00

VOD

Have the link to the VOD?

Description

Time

  • Played on: Aug. 25, 2019, 9:18 a.m.
  • Length: 14:21
Show
View Real Time Build Order
Export as new Build Order

Nameless Zerg - Winner!

Build Orders: Hatch First 

Get SALT Encoding   

  12  0:01  Drone  
  13  0:08  Drone  
  14  0:17  Overlord  
  14  0:35  Drone  
  14  0:36  Drone  
  16  0:54  Drone  
  16  0:56  Hatchery  
  16  1:06  Spawning Pool  
  16  1:09  Drone  
  16  1:13  Drone  
  17  1:26  Overlord  
  17  1:30  Drone  
  18  1:38  Drone  
  19  1:42  Drone  
  20  1:53  Queen  
  22  2:00  Extractor  
  22  2:01  Drone  
  22  2:02  Extractor  
  22  2:08  Queen  
  23  2:10  Drone x2  
  25  2:16  Drone  
  26  2:24  Drone  
  26  2:27  Drone  
  28  2:40  Drone x2  
  28  2:43  Queen  
  32  2:49  Queen  
  34  2:51  Overlord  
  34  2:53  Overlord  
  34  3:04  Drone x2  
  36  3:19  Drone x3  
  38  3:26  Lair  
  38  3:32  Drone x5  
  38  3:33  Drone x2  
  45  3:43  Evolution Chamber  
  45  3:45  Evolution Chamber  
  45  3:48  Drone x3  
  46  3:54  Drone x2  
  48  3:57  Evolution Chamber  
  48  3:58  Drone, Extractor  
  48  3:59  Drone, Extractor  
  47  4:15  Zerg Ground Armor Level 1, Zerg Missile Weapons Level 1  
  47  4:17  Drone x2  
  47  4:18  Overlord  
  47  4:19  Overlord  
  49  4:30  Spire, Drone x3  
  51  4:33  Drone  
  51  4:36  Drone  
  51  4:37  Drone  
  51  4:38  Drone  
  55  4:55  Overlord x2  
  55  4:56  Overlord  
  55  5:04  Spine Crawler x2  
  53  5:14  Hatchery  
  52  5:22  Spore Crawler  
  51  5:45  Mutalisk  
  51  5:46  Mutalisk x8  
  69  5:50  Drone  
  69  5:51  Drone x5  
  75  6:04  Drone x2  
  75  6:05  Drone x2  
  75  6:09  Overlord  
  79  6:17  Mutalisk x3  
  85  6:31  Mutalisk  
  85  6:32  Drone x2  
  89  6:33  Drone x3  
  92  6:43  Mutalisk  
  92  6:44  Mutalisk  
  96  6:52  Zergling x4  
  96  6:53  Zergling x12  
  90  7:11  Drone x5  
  95  7:21  Drone x3  
  98  7:24  Mutalisk x3  
  103  7:41  Drone x2  
  105  7:44  Infestation Pit  
  105  7:49  Extractor  
  105  7:50  Extractor  
  102  7:52  Drone x3  
  102  7:57  Spine Crawler  
  104  7:58  Hatchery, Spine Crawler  
  104  7:59  Spine Crawler x2  
  104  8:01  Spore Crawler  
  104  8:03  Drone x5, Spore Crawler  
  104  8:04  Drone, Spine Crawler  
  103  8:16  Drone  
  103  8:17  Drone  
  105  8:47  Drone x2  
  106  8:49  Hive  
  98  9:23  Zerg Melee Weapons Level 1  
  98  9:24  Zerg Ground Armor Level 2  
  98  9:25  Zerg Missile Weapons Level 2  
  98  9:35  Queen  
  100  9:38  Drone  
  100  9:39  Drone x3  
  100  9:41  Overlord  
  100  9:42  Overlord x4  
  100  9:43  Overlord x4  
  104  10:03  Hatchery  
  93  10:20  Ultralisk Cavern  
  92  10:21  Adrenal Glands  
  92  10:25  Drone x2  
  92  10:26  Drone x7  
  101  10:44  Overlord x3  
  101  11:00  Overlord x3  
  101  11:27  Ultralisk  
  101  11:28  Ultralisk x10  
  165  11:54  Zergling x20, Metabolic Boost  
  156  11:55  Zergling x60  
  156  11:56  Zergling x8  
  157  12:17  Zergling x6  
  157  12:18  Zergling x10  
  157  12:19  Zergling x6  
  139  12:40  Hatchery  
  138  12:51  Ultralisk  
  138  12:52  Ultralisk x4  
  135  13:15  Ultralisk  
  123  13:30  Zergling x2  
  123  13:31  Zergling x34  
Show
View Real Time Build Order
Export as new Build Order

pHARM Zerg 

Build Orders: Hatch First, Roach Hydra 

Get SALT Encoding   

  12  0:01  Drone  
  13  0:14  Drone  
  14  0:24  Overlord  
  14  0:29  Extractor  
  14  0:30  Drone  
  15  0:43  Drone x2  
  17  0:56  Drone  
  18  1:07  Hatchery  
  17  1:16  Drone  
  18  1:22  Drone x2, Spawning Pool  
  19  1:31  Drone  
  20  1:41  Drone  
  21  1:49  Extractor  
  20  2:03  Overlord  
  20  2:12  Queen  
  22  2:19  Queen  
  22  2:21  Zergling x4  
  26  2:28  Drone x2  
  28  2:36  Drone x2  
  30  2:40  Overlord  
  30  2:50  Queen  
  32  2:51  Metabolic Boost  
  32  2:53  Overlord  
  32  2:59  Drone  
  32  3:00  Drone  
  33  3:23  Drone x8  
  41  3:28  Lair  
  41  3:38  Extractor  
  40  3:49  Drone x6  
  46  3:56  Overlord x2  
  46  4:08  Extractor  
  45  4:15  Drone x2  
  45  4:16  Drone  
  49  4:17  Drone  
  49  4:24  Evolution Chamber  
  49  4:27  Roach Warren  
  47  4:34  Evolution Chamber  
  46  4:41  Drone  
  46  4:42  Drone x3  
  46  4:44  Drone  
  50  5:00  Zerg Missile Weapons Level 1  
  50  5:09  Glial Reconstitution  
  50  5:11  Overlord x3  
  50  5:15  Hatchery  
  49  5:22  Zerg Ground Armor Level 1  
  49  5:23  Overlord x2  
  49  5:32  Roach x8  
  65  5:49  Overlord  
  65  5:51  Roach  
  65  5:52  Roach x3  
  73  6:07  Roach x5  
  83  6:14  Overlord x3  
  83  6:25  Overlord  
  83  6:26  Overlord x2  
  81  6:34  Spore Crawler  
  81  6:36  Spore Crawler  
  77  6:40  Spore Crawler x2  
  77  6:42  Spore Crawler x2  
  71  6:47  Spore Crawler  
  71  6:48  Drone x9  
  71  6:49  Drone  
  71  6:50  Spore Crawler  
  65  6:54  Spore Crawler  
  65  6:55  Spore Crawler  
  57  7:04  Zerg Missile Weapons Level 2, Queen  
  57  7:05  Queen x2  
  55  7:15  Extractor  
  55  7:20  Hydralisk Den  
  53  7:40  Queen x2  
  53  7:41  Roach x6  
  53  7:42  Roach x3  
  73  8:13  Muscular Augments  
  73  8:15  Hydralisk x8  
  89  8:21  Zerg Ground Armor Level 2  
  89  8:33  Overseer  
  89  9:02  Hydralisk x5  
  95  9:14  Hydralisk  
  95  9:15  Hydralisk  
  95  9:16  Overlord  
  95  9:17  Overlord  
  93  9:20  Drone x10, Extractor  
  93  9:21  Extractor  
  101  9:24  Grooved Spines  
  101  9:51  Drone  
  101  9:52  Drone x8  
  109  10:30  Hydralisk  
  109  10:31  Hydralisk x5  
  109  10:32  Overlord  
  109  10:33  Overlord x5  
  121  10:54  Hydralisk  
  121  10:55  Hydralisk x11  
  145  11:09  Infestation Pit  
  144  11:31  Hydralisk x5  
  144  11:32  Hydralisk x7  
  168  11:40  Hatchery  
  155  12:15  Roach x9  
  125  12:24  Hive  
  97  13:00  Roach  
  97  13:01  Roach x8  
  85  13:15  Drone x5  
  65  13:35  Drone x3  
  65  13:36  Drone x3  
  65  13:40  Queen x3  
Tags
 
Composition
Roach Hydra
Matchup
ZvZ
Race
Zerg
Replay Pack
10.7.19
Spawn Locations
Cross Positions
Add a new tag
Caveats
  • Supply blocks, unpowered buildings, or Contaminate may cause inaccurate times.
  • Supply counts are checked every 10 seconds.